 Dungeon Crawl Stone Soup version 0.19-a0-27-g415f530 (webtiles) character file.

11 M4edhros the Grave Robber (level 2, 0/17 HPs)
             Began as an Octopode Necromancer on May 1, 2016.
             Slain by a hobgoblin (1 damage)
             ... on level 2 of the Dungeon.
             The game lasted 00:01:11 (291 turns).

M4edhros the Grave Robber (Octopode Necromancer)     Turns: 291, Time: 00:01:11

Health: 0/17       AC:  1    Str:  7    XL:     2   Next: 25%
Magic:  2/5        EV: 12    Int: 17    God:
Gold:   36         SH:  0    Dex: 12    Spells: 1 memorised, 4 levels left

rFire  . . .     SeeInvis .       - Unarmed
rCold  . . .     Gourm    .     (no shield)
rNeg   . . .     Faith    .     (helmet restricted)
rPois  .         Spirit   .     (no amulet)
rElec  .         Dismiss  .     (no ring)
rCorr  .         Reflect  .     (no ring)
SustAt .         Harm     .     (no ring)
MR     .....                    (no ring)
Stlth  +++.......               (no ring)
                                (no ring)
                                (no ring)
                                (no ring)

@: not resistant to hostile enchantments, fairly stealthy
A: almost no armour, amphibious, 8 rings, constrict 8, camouflage 1, gelatinous
body 1
a: no special abilities


You were on level 2 of the Dungeon.
You were not hungry.

You visited 1 branch of the dungeon, and saw 2 of its levels.

You collected 36 gold pieces.

Inventory:

Scrolls
 d - 2 scrolls of remove curse {unknown}
 e - a scroll of recharging {unknown}
Potions
 c - a potion of lignification {unknown}
Books
 a - a book of Necromancy

   Spells                             Type                      Level
   a - Pain                           Necromancy                   1
   b - Animate Skeleton               Necromancy                   1
   c - Vampiric Draining              Necromancy                   3
   d - Regeneration                   Charms/Necromancy            3
   e - Animate Dead                   Necromancy                   4
   f - Control Undead                 Necromancy                   4
Comestibles
 b - a bread ration
 f - a royal jelly
 g - 5 fruits


   Skills:
 - Level 2.0 Dodging
 - Level 2.6 Stealth
 + Level 1.8 Unarmed Combat
 - Level 2.0 Spellcasting
 - Level 4.0 Necromancy


You had 4 spell levels left.
You knew the following spells:

 Your Spells              Type           Power        Failure   Level  Hunger
a - Pain                  Necr           ###.         3%          1    #......


Dungeon Overview and Level Annotations

Branches:
Dungeon (2/15)

Altars:


Innate Abilities, Weirdness & Mutations

You cannot wear most types of armour.
You are amphibious.
You can wear up to eight rings at the same time.
You can use your tentacles to constrict eight enemies at once.
Your skin changes colour to match your surroundings (Stealth).
Your rubbery body absorbs attacks (AC +1).


Message History

The hobgoblin closely misses you.
Casting: Pain
Confirm with . or Enter, or press ? or * to list all spells.
Aiming: Pain
Press: ? - help, Shift-Dir - straight line, f - hobgoblin
Aim: a hobgoblin (chance to defeat MR: 92%)
The hobgoblin convulses in agony!
The hobgoblin closely misses you.
Casting: Pain
Confirm with . or Enter, or press ? or * to list all spells.
Aiming: Pain
Press: ? - help, Shift-Dir - straight line, f/p - hobgoblin
Aim: a hobgoblin (lightly wounded, chance to defeat MR: 92%)
The hobgoblin convulses in agony!
The hobgoblin closely misses you.
Casting: Pain
Confirm with . or Enter, or press ? or * to list all spells.
Aiming: Pain
Press: ? - help, Shift-Dir - straight line, f/p - hobgoblin
Aim: a hobgoblin (moderately wounded, chance to defeat MR: 92%)
The hobgoblin convulses in agony!
The hobgoblin hits you.
You die...

#......'.....####.# #.....
#...(..####.......# #.#.....
#............#.##.# #.#.###.
#######.###)##.##.# #.#.# #.
#.# #.# ##.###### #.#.# ##
##'###.# #......# #.#)#
#...##.. +......# #.#.#
#...#####+##g.....# #.#.###.
#..........@......###.......
#...........#####....#####..
#...........# #....# .
#...........# #....#
##..........# #....+
#..........# #....#
#..........# #..†..
############ #......
#.......


You could see a hobgoblin.

Vanquished Creatures
  A goblin (D:2)
  2 hobgoblins (D:1)
  3 kobolds
  4 bats (D:1)
  2 rats
12 creatures vanquished.

Notes
Turn   | Place    | Note
--------------------------------------------------------------
     0 | D:1      | M4edhros the Octopode Necromancer began the quest for the Orb.
     0 | D:1      | Reached XP level 1. HP: 11/11 MP: 3/3
   108 | D:1      | Reached skill level 1 in Unarmed Combat
   145 | D:1      | Reached XP level 2. HP: 5/17 MP: 1/5
   291 | D:2      | Slain by a hobgoblin

Vault maps used:
D:1:      roderic_octagonal_star, st_stairs_4, roderic_serpentine_path
D:2:      kennysheep_the_goblin_king, uniq_natasha, uniq_robin, uniq_iyjb

Skill      XL: |  1 |
---------------+----+-----
Unarmed Combat | 1 |  1.8
Dodging        | |  2.0
Stealth        | |  2.6
Spellcasting   | |  2.0
Necromancy     | |  4.0

Action                   || total
-------------------------++-------
Melee: Unarmed           ||    10
       Tentacles         ||     2
       Constrict         ||     1
 Cast: Pain              ||    19
Armor: Skin              ||     4
Dodge: Dodged            ||    16
